[Event "US Masters 2024"]
[Site "Charlotte"]
[Date "2024.11.29"]
[Round "3.1"]
[White "Paragua, Mark"]
[Black "Caruana, Fabiano"]
[Result "0-1"]
[ECO "C00"]
[WhiteElo "2446"]
[BlackElo "2805"]
[Annotator "TA"]
[PlyCount "68"]
[EventDate "2024.09.23"]
[EventType "swiss"]
[EventCountry "USA"]
[SourceTitle "playchess.com"]
[Source "ChessBase"]
[SourceQuality "1"]
[TimeControl "5400+30"]

1. e4 e6 2. d3 d5 3. Qe2 Nf6 4. Nf3 Be7 5. g3 O-O 6. Bg2 b5 7. O-O c5 8. exd5 {[%emt 0:03:48] The position is equal.} exd5 9. c4 bxc4 10. dxc4 Ba6 11. Na3 Nc6 12. Rd1 Re8 13. Qc2 (13. Nb5 $11 {is more appropriate.}) 13... d4 14. Nh4 (14. Bf4 $11) 14... Bb7 $17 15. Bd2 Ng4 16. Nf5 (16. Nf3 $17 {is a better defense.}) 16... Bf8 {[%emt 0:01:25] [#] ...d3 is the strong threat.} 17. h3 (17. Rf1 $142) 17... Nge5 {[%emt 0:00:38] Hoping for ...Qc8.} 18. f4 Ng6 ({Black should play} 18... d3 19. Qb1 (19. Qb3 $2 Rb8 $19) 19... Rb8) 19. Qd3 Qd7 20. Re1 ({Better is} 20. Rf1) 20... Nb4 21. Bxb4 {[%emt 0:00:09] And now Ba5 would win.} Bxg2 (21... cxb4 22. Bxb7 Qxb7 23. Nc2 $11) 22. Kxg2 {[%emt 0:01:30] [#] aiming for Ba5.} Qb7+ $1 ({Don't play} 22... cxb4 $6 23. Nc2 $11) 23. Kf2 Qxb4 24. Nc2 Qb6 ({Much less strong is} 24... Qxb2 25. Reb1 Qc3 26. Qxc3 dxc3 27. Nce3 $15) 25. b3 Qf6 26. Rxe8 Rxe8 27. Re1 Re6 28. a3 h5 29. b4 (29. h4 $17) 29... h4 $19 {[%emt 0:48:23] Threatens to win with ...hxg3+.} 30. bxc5 (30. Rxe6 {was worth a try.} hxg3+ (30... Qxe6 31. bxc5 Bxc5 32. Nxh4 $17) (30... fxe6 $2 31. Nxh4 Nxh4 32. gxh4 $17) 31. Nxg3 fxe6 (31... Qxe6 $2 32. Ne2 $19) 32. Qf3) 30... hxg3+ 31. Kxg3 Bxc5 {[%emt 0:00:00] ...Bb6 would now be deadly.} 32. Rf1 a5 33. Rb1 $2 (33. a4) 33... Bd6 34. Ncxd4 Nxf4 {[%emt 0:00:00] Weighted Error Value: White=0.61/Black=0.18 (very precise) .  Mistake:       	White=8     	Black=1      Inaccurate:     	White=2     	Black=2      OK:         	White=10    	Black=11     Best:        	White=2     	Black=3      Strong:       	---       	Black=1} (34... Bxf4+ 35. Kg2 Re5 36. Rb5 $19) 0-1

[Event "US Masters 2024"]
[Site "Charlotte"]
[Date "2024.11.29"]
[Round "3.2"]
[White "Druska, Juraj"]
[Black "Oparin, Grigoriy"]
[Result "0-1"]
[ECO "B62"]
[WhiteElo "2433"]
[BlackElo "2653"]
[Annotator "TA"]
[PlyCount "86"]
[EventDate "2024.09.23"]
[EventType "swiss"]
[EventCountry "USA"]
[SourceTitle "playchess.com"]
[Source "ChessBase"]
[SourceQuality "1"]
[TimeControl "5400+30"]

1. e4 c5 2. Nf3 Nc6 3. d4 cxd4 4. Nxd4 Nf6 5. Nc3 d6 6. Bg5 e6 7. Qd3 Bd7 8. Ndb5 Nb4 $1 9. Qd1 Qb8 {[%emt 0:00:52] White is slightly better.} 10. Bf4 e5 11. Bg5 a6 12. Bxf6 gxf6 13. Na3 b5 {[%emt 0:00:31] Against Nc4} 14. Nab1 Bg7 15. Nd2 (15. a3 $5 Nc6 $8 16. Nd5 $11) 15... O-O 16. a3 Nc6 17. Bd3 Ne7 18. Qh5 Qc8 19. h3 f5 {[%emt 0:03:24] [#]} 20. g4 $1 f4 21. Nd5 Qd8 22. Nf3 {[%emt 0:00:22] Excellent horsemanship.} (22. g5 $1 $14) 22... Be8 $11 {[%emt 0:06:09] Threatens to win with ...Nxd5.} 23. Nxe7+ Qxe7 24. g5 {[%emt 0:00:03] [#]} (24. O-O $15) 24... f5 $1 $17 25. gxf6 Bxf6 (25... Bxh5 $6 26. fxe7 Rf7 27. Nh4 Rxe7 28. Nf5 $14) (25... Qxf6 26. Qg4 $11) 26. Qh6 Kh8 {[%emt 0:00:51] ...Rg8 would now be deadly.} 27. Rg1 Bf7 (27... Bd7 $17) 28. O-O-O Rg8 29. Nd4 Bg5 (29... exd4 $2 {loses.} 30. e5 $18 (30. Qxf4 $2 {perishes.} Bg5 $19) (30. Qxf4 $2 {is the wrong capture.} Bg5 $19)) 30. Nf5 Bxh6 (30... f3+ {feels hotter.} 31. Kb1 Bxh6 32. Rxg8+ Rxg8 33. Nxe7 Rg2) 31. Nxe7 f3+ 32. Kb1 {[%emt 0:00:02] [#]} Rxg1 33. Rxg1 Be6 34. Ng6+ $2 {[%emt 0:04:56][%mdl 8192] Now White is beyond hope.} hxg6 $19 35. Rxg6 {[%emt 0:00:02] [#]} Bf8 36. Rxe6 {[%emt 0:01:16][%mdl 4096] Endgame. KRB-KRB} (36. Rg3 {is a better defense.}) 36... Kg7 {[%emt 0:00:04] Black is clearly winning.} 37. c4 Kf7 38. cxb5 axb5 39. Bxb5 {[%emt 0:01:20] aiming for Bc4.} Kxe6 40. Bc4+ Kd7 41. Kc2 Rc8 42. Kd3 {[%emt 0:00:15] [#]} d5 $1 43. exd5 {[%emt 0:00:57] [#]} (43. Ba6 Rb8) 43... e4+ $1 {[%emt 0:00:07] Weighted Error Value: White=0.53/Black=0.07 (flawless) .  Loses game:     	White=1     	---        Mistake:       	White=3     	Black=1      Inaccurate:     	White=3     	Black=2      OK:         	White=13    	Black=16     Best:        	White=2     	Black=6      Strong:       	---       	Black=1} 0-1

[Event "US Masters 2024"]
[Site "Charlotte"]
[Date "2024.11.29"]
[Round "3.3"]
[White "Donchenko, Alexander"]
[Black "Yip, Carissa"]
[Result "1-0"]
[ECO "D35"]
[WhiteElo "2617"]
[BlackElo "2432"]
[Annotator "RC"]
[PlyCount "155"]
[EventDate "2024.09.23"]
[EventType "swiss"]
[EventCountry "USA"]
[SourceTitle "playchess.com"]
[Source "ChessBase"]
[SourceQuality "1"]
[TimeControl "5400+30"]

1. d4 Nf6 2. c4 e6 3. Nc3 d5 4. cxd5 exd5 5. Bg5 Bb4 6. e3 h6 7. Bh4 g5 8. Bg3 h5 9. Be5 Nbd7 10. Bxf6 Qxf6 11. Qb3 Qd6 12. h4 gxh4 13. Nge2 c6 14. Rxh4 Qe7 15. g3 Nf6 16. Nf4 Bg4 17. Be2 O-O-O 18. O-O-O Bd6 19. Nd3 Rhg8 20. Qc2 Kb8 21. Bxg4 hxg4 22. Kb1 Ne4 23. Nxe4 dxe4 24. Nc1 Rh8 25. Rdh1 Rxh4 26. Rxh4 Qe6 27. Nb3 Qf5 28. a3 Be7 29. Rh2 Bd6 30. Nd2 Re8 31. Qd1 a6 32. Ka1 Bc7 33. Nb3 Bd6 34. Qd2 Qd5 35. Qc2 Qb5 36. Rh6 Qd5 37. Nd2 Bc7 38. Qc5 Qxc5 39. dxc5 f5 40. Nc4 Rd8 41. Rf6 Rd1+ 42. Ka2 Rf1 43. Nb6 Ka7 44. Nc8+ Ka8 45. Rf8 Bb8 46. Nb6+ Ka7 47. Nc8+ Ka8 48. Nb6+ Ka7 49. Nd7 Bc7 50. Rxf5 Bxg3 51. Nf6 Rxf2 52. Rxf2 Bxf2 53. Nxg4 Bh4 54. Kb3 b6 55. Kc4 Be7 56. Ne5 Kb7 57. Nd7 Bg5 58. Kd4 Kc7 59. Ne5 bxc5+ 60. Kxe4 Kb6 61. Nc4+ Kb5 62. b3 Be7 63. Kd3 a5 64. a4+ Kb4 65. Kc2 Bf6 66. e4 Bh4 67. e5 Bg5 68. e6 Bh4 69. Ne5 c4 70. Nxc6+ Ka3 71. bxc4 Kxa4 72. e7 Bxe7 73. Nxe7 Kb4 74. Kd3 a4 75. Nd5+ Kb3 76. Nc3 Kb4 77. Nxa4 Kxa4 78. Kd4 1-0

[Event "US Masters 2024"]
[Site "Charlotte"]
[Date "2024.11.29"]
[Round "3.4"]
[White "Theodorou, Nikolas"]
[Black "Sai Krishna G V"]
[Result "1-0"]
[ECO "E97"]
[WhiteElo "2612"]
[BlackElo "2409"]
[Annotator "TA"]
[PlyCount "123"]
[EventDate "2024.09.23"]
[EventType "swiss"]
[EventCountry "USA"]
[SourceTitle "playchess.com"]
[Source "ChessBase"]
[SourceQuality "1"]
[TimeControl "5400+30"]

1. d4 Nf6 2. c4 g6 3. Nc3 Bg7 4. e4 d6 5. Be2 O-O 6. Nf3 e5 7. O-O Nc6 8. d5 Ne7 9. b4 Nh5 {[%emt 0:00:03] 9...a5 is the hot move.} 10. Re1 f5 11. a4 {[%emt 0:00:09] E97: King's Indian: Classical Main Line (6...e5 7 0-0 Nc6): 8 Be3 and 8 d5 Ne7, not 9 Ne1.} a5 12. bxa5 Rxa5 13. Bd2 Nf6 14. Ng5 c6 $146 (14... h6 $14) ({Predecessor:} 14... h6 15. Ne6 Bxe6 16. dxe6 fxe4 17. Qb1 Qa8 18. Nd5 Rxd5 19. cxd5 Nexd5 20. Qb3 Kh7 {0-1 Zhou,J (2546)-Schmakel,S (2416) Philadelphia op 16th 2023 (8)}) 15. Qb3 Kh8 16. Ne6 ({White should try} 16. Be3 $16 {Hoping for Bb6.} c5 17. Reb1) 16... Bxe6 $14 17. dxe6 Qc8 18. Qb4 Ra6 19. c5 d5 20. Bxa6 bxa6 21. exd5 cxd5 22. Rab1 (22. Rxe5 $2 Nc6 23. Qb3 (23. Qf4 $2 Nh5 $19) 23... Nxe5 $19) 22... d4 23. Qb7 (23. Nd1 $14) 23... dxc3 $11 24. Bxc3 Nfd5 25. Bxe5 Bxe5 26. Rxe5 Qxb7 27. Rxb7 Rc8 28. g3 Rxc5 29. Kg2 (29. Ra7 $11) 29... Rc4 (29... Rc7 $1 $17 30. Rb8+ (30. Rxc7 Nxc7 31. Rc5 Ncd5 $17) 30... Kg7) 30. a5 (30. Rd7 $11) 30... Rd4 (30... Rc7 $15 31. Rxc7 Nxc7) 31. Ra7 (31. Rxd5 {simplifies} Nxd5 32. Rd7 Re4 33. Rxd5 Rxe6 34. h4) 31... Nc6 32. Ra8+ (32. Rxa6 $2 {too greedy.} Nxe5 33. Rb6 Kg7 $19) 32... Kg7 33. Re1 Ra4 34. Rxa6 Nde7 $2 (34... Nce7 $1 $11) 35. Rxc6 $1 $18 Nxc6 36. e7 Nxe7 37. Rxe7+ Kf6 38. Ra7 (38. Rxh7 Rxa5 39. Rc7 Ra2 $14) 38... h5 (38... Ra3 $142 39. h4 (39. Rxh7 Rxa5 40. h4 Rb5 $11) 39... Ke6) 39. Ra8 $18 h4 40. a6 hxg3 41. hxg3 Kg7 42. Kf3 Kh7 43. Ke3 Kg7 44. Kd3 Ra2 45. f3 Ra3+ $2 (45... Ra4 46. Kc2 Kh6) 46. Kc4 $18 Rxf3 47. Kb4 $2 (47. Rc8 $18) 47... Rf1 $2 (47... Rf2 $16) 48. Rc8 $18 Ra1 49. Kb5 $1 Rb1+ 50. Kc6 Rc1+ 51. Kb7 Rb1+ 52. Ka8 $1 Rb3 53. a7 g5 54. Rb8 Rxg3 55. Rb7+ Kg6 56. Rb6+ $1 Kh5 {[%emt 0:00:12] [#]} 57. Kb7 $1 Ra3 {[%emt 0:00:03] [#]} 58. Ra6 $1 Rb3+ 59. Kc7 Rc3+ 60. Kd7 Rd3+ 61. Ke7 Re3+ 62. Kf7 1-0

[Event "US Masters 2024"]
[Site "Charlotte"]
[Date "2024.11.29"]
[Round "3.5"]
[White "Bilych, Oleksii"]
[Black "Bortnyk, Olexandr"]
[Result "1/2-1/2"]
[ECO "B12"]
[WhiteElo "2429"]
[BlackElo "2603"]
[Annotator "TA"]
[PlyCount "65"]
[EventDate "2024.09.23"]
[EventType "swiss"]
[EventCountry "USA"]
[SourceTitle "playchess.com"]
[Source "ChessBase"]
[SourceQuality "1"]
[TimeControl "5400+30"]

1. e4 c6 2. d4 d6 3. Nc3 Qc7 4. f4 g6 5. Be3 Bg7 6. Qd2 b5 7. Bd3 Nd7 8. Nf3 {[%emt 0:00:22] White is slightly better.} Nb6 9. O-O Nf6 10. e5 Ng4 11. h3 {[%emt 0:00:49] [#] Hoping for exd6.} Nxe3 12. Qxe3 dxe5 13. fxe5 O-O 14. a4 b4 15. Ne4 Nd5 16. Qd2 {[%emt 0:00:10] White is more active.} (16. Qe1 $14) 16... f6 $11 17. exf6 exf6 18. Rae1 a5 19. Bc4 Bf5 20. Nc5 Rae8 21. Rxe8 Rxe8 22. Re1 Re7 23. Rxe7 Qxe7 24. c3 bxc3 25. Qxc3 Bh6 26. Bxd5+ (26. Qxa5 $2 {perishes.} Qe3+ 27. Kh1 (27. Kh2 $2 Bf4+ 28. Kh1 Qc1+ 29. Qe1 Qxc4 $19) 27... Qc1+ 28. Qe1 Qxc4 $19) 26... cxd5 27. Qxa5 {[%emt 0:00:06] Black must now prevent Kf1.} Qe3+ 28. Kh1 {[%emt 0:01:13] And now Qe1 would win.} Qc1+ 29. Qe1 {[%emt 0:00:05] aiming for Qxc1.} Qxb2 30. Qe8+ Kg7 (30... Bf8 $11 {keeps the balance.}) 31. Qe7+ Kg8 32. Qe8+ ({Don't play} 32. Qxf6 $6 Qc1+ 33. Ng1 Be3 34. Qd8+ Kg7 35. Qe7+ Kg8 36. Qe8+ Kg7 37. Qe7+ Kh6 38. Qh4+ Kg7 39. Qe7+ $11) 32... Kg7 {[%emt 0:00:04] [#]} 33. Qe7+ {[%emt 0:00:04] Weighted Error Value: White=0.21 (precise) /Black=0.14 (very precise) .  Mistake:       	White=2     	Black=1      Inaccurate:     	White=2     	Black=2      OK:         	White=8     	Black=14     Best:        	White=1     	Black=3} (33. a5 $1 $16 Bf4 34. Qe7+ Kg8 35. a6 (35. Qxf6 Qc1+ 36. Ng1 Be3 $11) 35... Qc1+ 36. Qe1 Qxe1+ 37. Nxe1) 1/2-1/2

[Event "US Masters 2024"]
[Site "Charlotte"]
[Date "2024.11.29"]
[Round "3.6"]
[White "Chasin, Nico"]
[Black "Nyzhnyk, Illya"]
[Result "0-1"]
[ECO "D10"]
[WhiteElo "2412"]
[BlackElo "2576"]
[Annotator "TA"]
[PlyCount "62"]
[EventDate "2024.09.23"]
[EventType "swiss"]
[EventCountry "USA"]
[SourceTitle "playchess.com"]
[Source "ChessBase"]
[SourceQuality "1"]
[TimeControl "5400+30"]

1. d4 d5 2. c4 c6 3. cxd5 cxd5 4. Bf4 Nc6 5. e3 Nf6 6. Nc3 a6 7. Bd3 Bg4 8. f3 Bh5 9. Qb3 Ra7 10. Nge2 e6 11. e4 {[%emt 0:04:58] White has an edge.} dxe4 12. fxe4 (12. Bxe4 $11 Na5 (12... Nxd4 13. Nxd4 Qxd4 14. Bc6+ bxc6 15. Qb8+ Qd8 16. Qxa7 $18) 13. Qc2) 12... Nxd4 $17 {[%emt 0:08:16] Black converts the advantage convincingly.} 13. Qa4+ Nc6 14. O-O-O Nd7 15. g4 (15. Kb1 $17) 15... Bxg4 $19 16. Rhg1 h5 {[%emt 0:00:15] Threatens to win with ...b5.} 17. h3 Bxh3 18. Nd4 Bg4 19. Nxc6 Bxd1 ({Much less strong is} 19... bxc6 20. Be2 $19) 20. Rxd1 bxc6 21. Qxc6 Qa8 22. Qa4 Bc5 {[%emt 0:04:25] Prevents Be3.} 23. e5 Qf3 {[%emt 0:01:44] ...Be3+ would now be deadly.} 24. Kb1 O-O 25. Be2 Qh3 26. Ka1 Nb6 27. Qa5 (27. Qe4 $142) 27... Rc8 {[%emt 0:01:27] Black is clearly winning.} 28. Ne4 Qg2 29. Bd3 Bd4 30. Qb4 {[%emt 0:04:20] [#]} Nc4 $1 31. Bc1 a5 {[%emt 0:02:38] Weighted Error Value: White=0.70/Black=0.15 (very precise) .  Mistake:       	White=3     	---        Inaccurate:     	White=1     	Black=1      OK:         	White=5     	Black=10     Best:        	---       	Black=4} 0-1

[Event "US Masters 2024"]
[Site "Charlotte"]
[Date "2024.11.29"]
[Round "3.7"]
[White "Burke, John M"]
[Black "Griffith, Kyron"]
[Result "1-0"]
[ECO "B45"]
[WhiteElo "2573"]
[BlackElo "2407"]
[Annotator "TA"]
[PlyCount "87"]
[EventDate "2024.09.23"]
[EventType "swiss"]
[EventCountry "USA"]
[SourceTitle "playchess.com"]
[Source "ChessBase"]
[SourceQuality "1"]
[TimeControl "5400+30"]

1. e4 c5 2. Nf3 e6 3. d4 cxd4 4. Nxd4 Nc6 5. Nc3 Nf6 6. a3 d6 7. Be3 Be7 8. Qe2 e5 9. Nb3 Ng4 {[%emt 0:00:25] The position is equal.} 10. Bd2 a5 11. a4 f5 12. f3 Nf6 13. O-O-O O-O 14. Be3 Kh8 15. Qb5 ({Better is} 15. h3 $15) 15... Bd7 16. Qxb7 fxe4 (16... Nb4 $1 $17 17. Bb5 Rb8) 17. Nb5 $2 (17. Bb5 $11 {and White has nothing to worry.} Rb8 18. Qa6) 17... d5 (17... exf3 $19 {...Rb8 is the strong threat.} 18. gxf3 Rb8) 18. Bb6 Qe8 19. Nc7 {[%emt 0:01:58][%csl LRa8,LRd5,LRe8] [#]} Qb8 (19... Rb8 20. Nxe8 Rxb7 21. Nxf6 Rxf6 22. Rxd5 $14) ({Black should play} 19... Qg6 $1 $17 20. Nxa8 Rb8) 20. Qxb8 $14 (20. Qxa8 $2 Qxb6 $19) 20... Raxb8 21. Nxd5 (21. Bxa5 $2 Rxb3 22. Bc3 Rxc3 23. bxc3 d4 24. cxd4 Nxd4 $19 (24... exd4 $2 25. Kb2 $19)) 21... Nxd5 22. Rxd5 Be6 23. Rb5 {[%emt 0:00:05] aiming for Nc5.} exf3 24. gxf3 (24. Nxa5 Bg5+ 25. Kb1 Nxa5 26. Bxa5 Rxb5 27. axb5 f2 $17) 24... Bxb3 25. cxb3 (25. Rxb3 Nd4 26. Bxd4 Rxb3 27. cxb3 exd4 $15) 25... Bb4 26. Bd3 Nd4 27. Bxd4 (27. Rxe5 $2 Rxb6 28. Kb1 Nxf3 $19 (28... Nxb3 $2 29. Ka2 $19)) 27... exd4 28. Be4 Rbc8+ 29. Kb1 g6 (29... Rcd8 $1 $11) 30. Rd1 Rcd8 31. h4 (31. Kc2 $5) 31... Rf7 (31... d3 $1 $11 {remains equal.}) 32. Kc2 $36 {[%emt 0:01:03][%mdl 2048] White is in control.} Rd6 (32... d3+ $142 33. Rxd3 Rxd3 34. Kxd3 Rd7+ 35. Bd5 Be1) 33. Kd3 {[%emt 0:00:35] White is more active.} h5 {[%emt 0:02:06] [#]} (33... Kg7 $16 34. h5 Rdf6) 34. Rg1 $1 $18 Rf4 35. Rb7 (35. Rxg6 Rxg6 36. Bxg6 Rxf3+ 37. Kc4 (37. Kxd4 Rxb3 38. Rxh5+ Kg7 $11) 37... Kg7 $11) 35... Rdf6 36. Rg5 (36. Kxd4 Rd6+ 37. Kc4 Kg8 38. Rxb4 axb4 $18) (36. Bxg6 Rxf3+ 37. Kxd4 R3f4+ 38. Be4 Rg4 39. Rh7+ Kg8 40. Rxg4+ hxg4 $16) (36. Rxg6 Rxg6 37. Bxg6 Rxf3+ 38. Kxd4 Rxb3 $11) 36... Be1 $2 (36... Rf7 37. Rxf7 (37. Rxg6 Rxb7 38. Bxb7 Rxh4 $16) 37... Rxf7 38. Rxg6 (38. Kxd4 Rd7+ 39. Ke5 Rc7 $18) 38... Re7 39. Rh6+ (39. Kxd4 Rd7+ 40. Ke5 Bd2 $18) 39... Kg7 40. Rh7+ (40. Rxh5 Re6 $18) 40... Kf8 41. Rxh5 (41. Kxd4 Rxh7 42. Bxh7 Kf7 $18) 41... Rf7) 37. Ke2 (37. Kxd4 Rd6+ 38. Kc4 Rff6 $18) (37. Rxg6 Rxg6 38. Bxg6 Rxf3+ 39. Kc2 (39. Kxd4 Rf4+ 40. Ke5 Rxh4 $14) 39... Kg8 $14) 37... Bb4 (37... Re6 38. Rb8+ (38. Kxe1 Rxf3 39. Kd2 Rxe4 $18) (38. Rxg6 Rxg6 39. Bxg6 Bxh4 $18) 38... Kh7 39. Rxh5+ (39. Kxe1 Rxf3 40. Rb7+ Kh8 $18) 39... Kg7) 38. Bxg6 Re6+ 39. Be4 Rexe4+ 40. fxe4 Rxe4+ 41. Kd3 Rxh4 42. Rbb5 Rf4 43. Rxh5+ Kg7 44. Rhd5 {[%emt 0:00:21] Weighted Error Value: White=0.39/Black=0.58.  Loses game:     	White=1     	---        Mistake:       	White=1     	Black=9      Inaccurate:     	White=6     	Black=2      OK:         	White=13    	Black=8      Best:        	White=2     	Black=2} (44. Rbf5 $142 Rg4 45. Rhg5+ Rxg5 46. Rxg5+ Kf8 47. Rb5 (47. Kxd4 Ke7 $18) (47. Re5 Kf7 $18) 47... Ke7 48. Rxb4 (48. Kxd4 Bd2 $18) 48... axb4 49. Kxd4) 1-0

[Event "US Masters 2024"]
[Site "Charlotte"]
[Date "2024.11.29"]
[Round "3.8"]
[White "Matviishen, Viktor"]
[Black "Lee, Alice"]
[Result "1-0"]
[ECO "D30"]
[WhiteElo "2566"]
[BlackElo "2398"]
[Annotator "TA"]
[PlyCount "99"]
[EventDate "2024.09.23"]
[EventType "swiss"]
[EventCountry "USA"]
[SourceTitle "playchess.com"]
[Source "ChessBase"]
[SourceQuality "1"]
[TimeControl "5400+30"]

1. d4 d5 2. c4 e6 3. Nf3 Nf6 4. cxd5 exd5 5. Qc2 Bb4+ 6. Bd2 Bxd2+ 7. Nbxd2 g6 8. e3 {[%emt 0:00:45] The position is equal.} Bf5 9. Qb3 Qc8 10. Qa3 Qd7 11. Rc1 c6 12. h3 Qe7 13. Qxe7+ Kxe7 14. g4 Be6 15. Bd3 Ne8 16. Ng1 Nd6 17. f3 h5 {[%emt 0:00:00] And now ...hxg4 would win.} 18. g5 Re8 19. Ne2 Kf8 20. e4 a5 21. Nf4 Bf5 22. O-O $1 dxe4 (22... Bd7 $14) 23. fxe4 $16 Nxe4 24. Nxe4 Bxe4 25. Bxe4 Rxe4 26. Nxg6+ Kg8 27. Ne5 Rxd4 (27... Na6 $142) 28. Rxf7 {[%emt 0:01:39][%cal Oc1f1] Hoping for Rcf1!} Re4 {[%emt 0:00:00] [#]} 29. Re7 {[%emt 0:03:50] White is much more active. The black rooks are passive.} Nd7 30. Nxc6 (30. Rxd7 $6 Rxe5 31. Rxb7 Rxg5+ 32. Kh2 Rd8 $11) 30... Rxe7 (30... Ra4 $16) 31. Nxe7+ {[%emt 0:00:10][%mdl 4096] Endgame. KRN-KRN} Kf7 {[%emt 0:00:00] [#]} 32. Nd5 {[%emt 0:00:14] Rc7 is the strong threat.} Ne5 33. Rf1+ Kg7 34. Nc7 Rc8 35. Ne6+ Kg8 36. Rf5 Ng6 37. Rf6 ({Much less strong is} 37. Rxa5 $6 Rc1+ 38. Kg2 Rc2+ 39. Kf3 Rxb2 $14) 37... Ne5 38. Kf2 Re8 $2 {[%emt 0:00:00] Black cannot hold the game after this.} (38... Rc6 $16 39. Kg3 Nd7) 39. Kg3 $18 Nd7 40. Rh6 Nf8 $2 (40... Rc8 41. Nf4 (41. Rxh5 Rc1 $18) 41... Rc2 42. Rg6+ (42. Nxh5 Rxb2 43. Rd6 Nf8 $18) 42... Kf8) 41. Nxf8 Rxf8 {[%emt 0:00:00] KR-KR} 42. Kh4 Rf4+ 43. Kxh5 Rb4 44. b3 a4 45. bxa4 Rxa4 46. Rb6 {[%emt 0:01:03] White mates.} Rxa2 47. Rxb7 Ra6 48. h4 Rc6 49. Rd7 Rc4 50. g6 {[%emt 0:01:31] Weighted Error Value: White=0.02 (flawless) /Black=0.33.  Loses game:     	---       	Black=1      Mistake:       	---       	Black=4      Inaccurate:     	---       	Black=1      OK:         	White=18    	Black=17     Best:        	White=2     	Black=3} 1-0

[Event "US Masters 2024"]
[Site "Charlotte"]
[Date "2024.11.29"]
[Round "3.9"]
[White "Juksta, Karolis"]
[Black "Kevlishvili, Robby"]
[Result "1/2-1/2"]
[ECO "D45"]
[WhiteElo "2408"]
[BlackElo "2556"]
[Annotator "TA"]
[PlyCount "88"]
[EventDate "2024.09.23"]
[EventType "swiss"]
[EventCountry "USA"]
[SourceTitle "playchess.com"]
[Source "ChessBase"]
[SourceQuality "1"]
[TimeControl "5400+30"]

1. d4 d5 2. c4 e6 3. Nf3 Nf6 4. Nc3 Nbd7 5. Qc2 c6 6. e4 dxe4 7. Nxe4 c5 8. Nxf6+ Nxf6 9. dxc5 Bxc5 10. Bd3 O-O 11. O-O Qc7 12. h3 Bd7 13. Qe2 Rfd8 14. Be3 Qb6 15. Bxc5 Qxc5 16. Rfd1 Be8 17. Bc2 b5 18. cxb5 (18. Rxd8 {is more complex.} Rxd8 19. cxb5 Bxb5 20. Rd1) 18... Bxb5 19. Bd3 Bxd3 20. Rxd3 Rxd3 21. Qxd3 Rb8 22. Rd1 h6 23. b3 Rc8 24. Qd6 Qa5 25. a4 Nd5 26. Nd4 Kh7 27. Qe5 Qc3 28. Qe4+ Kg8 29. Rd3 {[%emt 0:00:00] [#]} ({Wrong is} 29. Nxe6 $2 Nf6 30. Qb7 fxe6 $19) (29. Qe5 $11) 29... Qc1+ (29... Qa1+ $1 $17 30. Kh2 Nf6) 30. Kh2 $11 Nf6 31. Qe3 Qc7+ (31... Qxe3 {simplifies} 32. fxe3 g5 33. Nb5 a6) 32. Qg3 (32. g3 $5) 32... Qc5 (32... Qxg3+ {simplifies} 33. Kxg3 Kf8 34. f4 g6) 33. Nb5 Nd5 {[%emt 0:00:00] Wards off Rc3} 34. Rf3 Rd8 35. Qe5 Qb6 36. Qd4 Qxd4 37. Nxd4 {[%emt 0:00:01][%mdl 4096] Endgame. KRN-KRN} Nb4 {[%emt 0:00:00] Prevents Nc6.} 38. Nb5 a6 39. Na3 Rd2 40. Nc4 Re2 41. Kg3 Nd5 42. Rd3 {[%emt 0:00:08] The position is equal.} f5 43. Kf3 Ra2 44. Rd2 Ra1 {[%emt 0:00:00] Weighted Error Value: White=0.13 (very precise) /Black=0.12 (very precise) .  Mistake:       	White=1     	Black=1      Inaccurate:     	White=1     	Black=1      OK:         	White=7     	Black=10     Best:        	White=1     	---} 1/2-1/2